Map: Cyber Forest LE

Players

nOgiEU - Winner!

  • Race: Zerg Zerg
  • Spawn Location: 11:00

Mez

  • Race: Terran Terran
  • League: Master
  • Spawn Location: 5:00

VOD

Have the link to the VOD?

Description

Time

  • Played on: July 28, 2019, 8:32 p.m.
  • Length: 11:59
Show
View Real Time Build Order
Export as new Build Order

nOgiEU Zerg - Winner!

Build Orders: Pool First 

Get SALT Encoding   

  12  0:01  Drone  
  13  0:13  Overlord  
  13  0:17  Drone  
  14  0:31  Drone x2  
  16  0:37  Drone  
  17  0:48  Spawning Pool  
  16  1:08  Hatchery  
  15  1:12  Extractor  
  14  1:19  Drone x2  
  14  1:21  Drone  
  17  1:35  Drone  
  17  1:36  Queen  
  20  1:40  Zergling x2  
  21  1:51  Overlord  
  21  2:02  Drone  
  22  2:12  Metabolic Boost, Queen  
  24  2:28  Drone x3  
  27  2:30  Drone  
  27  2:35  Drone  
  28  2:40  Queen  
  30  2:49  Overlord  
  30  2:51  Drone x2  
  31  2:54  Drone  
  33  3:01  Drone x2  
  33  3:04  Drone  
  36  3:06  Overlord  
  36  3:14  Zergling x4  
  38  3:21  Drone  
  38  3:22  Drone x2  
  41  3:38  Hatchery  
  40  3:45  Drone x3  
  40  3:46  Drone  
  40  3:48  Lair, Extractor x2  
  43  3:50  Drone  
  43  3:55  Drone x2  
  45  3:56  Drone  
  45  4:00  Drone  
  47  4:04  Baneling Nest  
  45  4:13  Drone x3  
  45  4:14  Drone  
  49  4:25  Drone x2  
  49  4:27  Evolution Chamber  
  49  4:28  Evolution Chamber  
  49  4:29  Zergling x2  
  49  4:30  Zergling x2  
  51  4:32  Overlord x2  
  51  4:48  Overlord, Centrifical Hooks  
  51  4:52  Drone  
  52  4:53  Drone x2  
  52  4:54  Zergling x6  
  52  4:56  Baneling x4  
  52  4:57  Zergling x4  
  52  4:58  Zergling x2  
  52  4:59  Zergling x2  
  61  5:00  Zergling x2  
  61  5:02  Zergling x2  
  63  5:10  Zergling x6  
  68  5:16  Zerg Ground Armor Level 1, Zerg Melee Weapons Level 1  
  68  5:20  Zergling x2  
  68  5:21  Zergling x4  
  69  5:24  Zergling x2  
  69  5:27  Baneling  
  70  5:28  Queen  
  70  5:31  Overlord  
  70  5:34  Overlord  
  72  5:39  Drone  
  72  5:40  Spire  
  72  5:42  Drone x2  
  74  5:44  Drone x2  
  76  5:50  Drone  
  76  5:51  Drone x3  
  76  5:53  Drone  
  76  5:54  Drone  
  82  5:58  Baneling  
  82  5:59  Baneling x6  
  82  6:02  Drone  
  82  6:03  Drone  
  80  6:22  Hatchery  
  79  6:29  Drone  
  79  6:30  Drone x5  
  85  6:34  Extractor  
  85  6:35  Drone x3, Extractor  
  85  6:36  Drone x3  
  89  6:42  Overlord  
  89  6:48  Drone  
  89  6:49  Infestation Pit  
  89  6:53  Drone x3  
  92  6:54  Overlord  
  92  6:56  Drone  
  92  6:57  Drone x3, Extractor  
  95  7:01  Drone  
  96  7:13  Overlord  
  96  7:15  Overlord  
  96  7:16  Hatchery, Zerg Melee Weapons Level 2  
  96  7:17  Zerg Ground Armor Level 2, Overseer  
  96  7:20  Zergling x2  
  96  7:21  Zergling x10  
  101  7:24  Zergling x8  
  105  7:30  Hive  
  105  7:33  Overlord  
  105  7:35  Drone, Extractor  
  105  7:36  Drone x2  
  107  7:38  Extractor  
  107  7:40  Drone x2  
  107  7:41  Drone  
  108  7:44  Overlord  
  108  7:47  Zergling x2  
  108  7:48  Zergling x2  
  109  7:53  Overseer  
  109  8:01  Overlord  
  109  8:02  Zergling x2  
  109  8:03  Zergling x6  
  109  8:05  Zergling x2  
  113  8:10  Overlord  
  113  8:12  Overlord  
  110  8:37  Drone x3  
  110  8:40  Overlord  
  113  8:43  Overlord, Overseer  
  113  8:44  Overseer, Ultralisk Cavern  
  113  8:46  Zergling x24  
  124  8:52  Zergling x14  
  124  8:53  Zergling x8  
  135  9:00  Zergling x2  
  135  9:01  Zergling x8  
  125  9:04  Baneling x8  
  125  9:07  Zergling x2  
  125  9:09  Baneling  
  124  9:10  Baneling x5  
  112  9:22  Zergling x2  
  112  9:23  Zergling x28  
  104  9:35  Ultralisk x5  
  104  9:36  Anabolic Synthesis  
  132  9:39  Drone  
  132  9:47  Adrenal Glands  
  128  9:56  Ultralisk  
  128  9:58  Ultralisk  
  137  10:13  Ultralisk x2  
  144  10:16  Zergling x2  
  144  10:17  Zergling x14  
  144  10:19  Chitinous Plating  
  152  10:24  Overlord  
  152  10:26  Overlord x2  
  152  10:32  Baneling x2  
  152  10:33  Baneling x5  
  152  10:34  Baneling x2  
  152  10:39  Zergling x2  
  152  10:40  Zergling x8  
  156  11:06  Overseer  
  156  11:08  Corruptor x9  
  170  11:25  Baneling  
  170  11:26  Baneling x4  
Show
View Real Time Build Order
Export as new Build Order

Mez Terran 

Build Orders: Reaper Expand 

Get SALT Encoding   

  12  0:00  SCV  
  13  0:13  SCV  
  14  0:17  Supply Depot  
  14  0:25  SCV  
  15  0:38  SCV  
  15  0:39  Barracks  
  16  0:45  Refinery  
  16  0:51  SCV  
  17  1:03  SCV  
  18  1:15  SCV  
  19  1:28  Orbital Command  
  19  1:29  Reaper  
  20  1:42  Command Center  
  20  1:54  SCV  
  21  1:59  Barracks  
  21  2:03  Barracks Reactor  
  21  2:11  SCV  
  21  2:14  Barracks  
  22  2:17  Supply Depot  
  22  2:28  SCV  
  22  2:42  SCV  
  23  2:44  Marine x2  
  23  2:48  Barracks Tech Lab  
  25  2:57  SCV, Orbital Command  
  26  3:02  Bunker, Marine  
  26  3:03  Marine x2  
  29  3:09  Marauder  
  29  3:10  SCV  
  32  3:22  SCV  
  32  3:27  Marine x3  
  33  3:29  Marine, Supply Depot  
  33  3:34  SCV  
  38  3:42  SCV, Combat Shield  
  38  3:46  SCV  
  38  3:47  Supply Depot  
  39  3:51  Marine x4  
  39  3:54  SCV  
  44  3:57  Supply Depot  
  44  3:58  SCV  
  45  4:02  Engineering Bay  
  45  4:09  SCV  
  46  4:10  SCV, Marine x3  
  46  4:12  Marauder  
  52  4:21  SCV  
  52  4:22  SCV  
  54  4:30  Terran Infantry Weapons Level 1  
  54  4:33  SCV  
  54  4:34  SCV  
  54  4:35  Marine x4  
  60  4:45  SCV  
  61  4:46  SCV, Command Center  
  62  4:57  SCV  
  62  4:58  SCV  
  64  5:01  Refinery  
  64  5:02  Stimpack  
  64  5:03  Refinery  
  64  5:05  Marine x4  
  68  5:11  SCV x2  
  70  5:38  Factory, Supply Depot x3  
  70  5:39  Barracks  
  70  5:40  Marine x4  
  70  5:41  SCV x2  
  70  5:42  Barracks  
  76  5:53  SCV x2  
  78  5:58  Marine  
  79  6:09  Barracks Reactor  
  79  6:10  Marine x2  
  82  6:11  SCV x2  
  83  6:23  Marine  
  83  6:25  Starport, Factory Reactor  
  83  6:28  Marine  
  83  6:30  SCV x2  
  86  6:36  Barracks Reactor x2  
  86  6:40  Supply Depot  
  86  6:42  Supply Depot  
  86  6:45  Terran Infantry Armor Level 1  
  86  6:47  Command Center  
  86  6:48  Orbital Command  
  86  6:49  SCV x2  
  86  6:50  Marine  
  89  6:58  Armory  
  89  7:00  Engineering Bay  
  89  7:01  SCV x2  
  91  7:13  SCV x2  
  93  7:16  Marine  
  93  7:17  Marine x6  
  93  7:20  Marauder  
  93  7:22  Supply Depot  
  102  7:25  SCV x2, Supply Depot  
  104  7:31  Supply Depot  
  104  7:32  SCV  
  104  7:36  Marine x5  
  110  7:37  SCV, Marine  
  110  7:38  SCV, Marine x2  
  110  7:40  Marine  
  110  7:44  SCV  
  117  7:49  Bunker  
  117  7:51  SCV x2  
  118  7:54  Marine x2  
  118  7:56  Medivac x2  
  125  8:01  SCV x2, Supply Depot  
  125  8:03  SCV  
  128  8:06  SCV  
  128  8:12  Supply Depot  
  129  8:13  SCV  
  129  8:14  Marine x9  
  135  8:30  Supply Depot  
  135  8:32  SCV x3  
  135  8:33  Supply Depot  
  138  8:35  Medivac x2  
  138  8:36  Marine  
  138  8:37  Marine x7, Marauder  
  152  8:44  Terran Infantry Weapons Level 2  
  152  8:45  Barracks  
  152  8:46  Barracks  
  152  8:47  Barracks  
  152  8:54  Marine x2  
  154  8:58  Marauder  
  154  9:01  Marine x4  
  154  9:02  Marine x2  
  143  9:05  Medivac x2  
  147  9:12  Marine x2  
  133  9:19  Marine x6, Marauder  
  126  9:30  Marine x2  
  107  9:32  Terran Infantry Armor Level 2  
  107  9:35  Medivac x2  
  107  9:37  Marine x4  
  111  9:47  Marine  
  111  9:48  Marine x4  
  111  9:50  Barracks Reactor, Barracks Tech Lab  
  111  9:52  Barracks Tech Lab  
  105  9:55  Marine x4  
  108  10:00  Supply Depot  
  108  10:01  Supply Depot  
  108  10:12  Marine x8  
  108  10:13  Marine x3  
  119  10:14  Medivac x2  
  123  10:24  SCV x4  
  123  10:27  Marine x2  
  129  10:30  Marine x5  
  129  10:33  Marine  
  129  10:34  Marine x3, Marauder x2  
  129  10:35  Concussive Shells  
  142  10:36  SCV  
  143  10:45  Marine x2  
  143  10:47  Marine  
  143  10:48  Marine x3  
  151  10:50  Marauder  
  151  10:55  Marauder x2, Liberator x2  
  149  11:01  Marine  
  149  11:02  Marine x3  
  151  11:11  Marine x5, Marauder  
  138  11:12  Command Center, Marine  
  138  11:16  Marauder  
  138  11:17  Marauder  
  138  11:19  Marine  
Tags
 
Add a new tag
Caveats
  • Supply blocks, unpowered buildings, or Contaminate may cause inaccurate times.
  • Supply counts are checked every 10 seconds.